 Dungeon Crawl Stone Soup version 0.29.0-4-gdea44cf6ec (webtiles) character file.

Game seed: 5249396829484427811

65 qw the Caller (level 4, -8/36 HPs)
             Began as a Ghoul Summoner on Sept 9, 2022.
             Engulfed by a cloud of flame (22 damage)
             ... on level 3 of the Dungeon.
             The game lasted 00:01:01 (3573 turns).

qw the Caller (Ghoul Summoner)                      Turns: 3573, Time: 00:01:02

Health: -8/36      AC: 11    Str: 10    XL:     4   Next: 14%
Magic:  5/5        EV:  4    Int: 14    God:
Gold:   186        SH:  0    Dex: 15    Spells: 5/6 levels left

rFire   . . .      SeeInvis +   Y - +1 war axe
rCold   + + +      Faith    .   (no shield)
rNeg    + + +      Spirit   .   k - +1 chain mail "Quzi" {rC++ Str-3 Int+4}
rPois   inf        Reflect  .   (no helmet)
rElec   .          Harm     .   (no cloak)
rCorr   .          Rampage  .   j - +0 pair of gloves
Will    .....                   g - +0 pair of boots
Stlth   ..........              (no amulet)
HPRegen 0.12/turn               h - ring of see invisible
MPRegen 0.09/turn               c - +6 ring of dexterity

@: no status effects
A: claws 1, cold resistance 1, negative energy resistance 3, inhibited
regeneration, torment resistance 2, devour on kill
a: no special abilities


You were on level 3 of the Dungeon.
You visited 1 branch of the dungeon, and saw 3 of its levels.

You collected 186 gold pieces.


Innate Abilities, Weirdness & Mutations

You are immune to poison.
You have sharp fingernails.
Your flesh is cold resistant. (rC+)
You are immune to negative energy. (rN+++)
You do not regenerate when monsters are visible.
You are immune to unholy pain and torment.
You thrive by killing the living.


   Skills:
 - Level 2.1 Fighting
 - Level 2.6 Axes
 + Level 0.0 Armour
 - Level 1.7 Dodging
 - Level 2.1 Stealth
 - Level 1.7 Spellcasting
 - Level 3.6 Summonings


You had 5 spell levels left.
You knew the following spells:

 Your Spells              Type           Power      Damage    Failure   Level
a - Summon Small Mammal   Summ           44%        N/A       99%         1

Your spell library contained the following spells:

 Spells                   Type           Power      Damage    Failure   Level
 Call Imp                 Summ           11%        N/A       100%        2
 Call Canine Familiar     Summ           11%        N/A       100%        3
 Summon Guardian Golem    Hex/Summ       6%         N/A       100%        3
 Summon Lightning Spire   Summ/Air       6%         N/A       100%        4

Inventory:

Hand Weapons
 a - a +1 whip of draining
 Y - a +1 war axe (weapon)
Armour
 g - a +0 pair of boots (worn)
 j - a +0 pair of gloves (worn)
 k - the +1 chain mail "Quzi" (worn) {rC++ Str-3 Int+4}
   (You found it on level 3 of the Dungeon)

   Str:       It affects your strength (-3).
   Int:       It affects your intelligence (+4).
   rC:        It greatly protects you from cold.
Jewellery
 b - a ring of willpower
 c - a +6 ring of dexterity (right hand)
 h - a ring of see invisible (left hand)
Scrolls
 e - a scroll of identify
Potions
 d - a potion of might
 f - a potion of curing
 i - a potion of lignification {unknown}
 m - a potion of degeneration {unknown}
 n - a potion of ambrosia {unknown}
 o - a potion of haste {unknown}

Dungeon Overview and Level Annotations

Branches:
Dungeon (3/15)

Altars:
Trog

Shops:
D:1 *


Message History

You have reached level 4!
You start resting.
HP restored.
Your rat disappears in a puff of smoke!
k - the +1 chain mail "Quzi" {rC++ Str-3 Int+4} You now have 177 gold pieces (gained 14).
m - a dark potion You now have 186 gold pieces (gained 9).
o - a metallic black potion
There is an escape hatch in the floor here.
There is a stone staircase leading down here.
Partly explored, can't reach some items and places.
Partly explored, can't reach some items and places.
3560 ||| UPGRADING to +1 chain mail "Quzi" {rC++ Str-3 Int+4}.
You start removing your armour.
You continue taking off your +0 ring mail. x4
You finish taking off your +0 ring mail.
You start putting on your armour.
You continue putting on the +1 chain mail "Quzi" {rC++ Str-3 Int+4}. x5
You finish putting on the +1 chain mail "Quzi" {rC++ Str-3 Int+4}.
You feel weaker.
You feel clever.
3570 ||| DROPPING +0 ring mail.
You drop a +0 ring mail.
You're in a travel-excluded area, stopping explore.
3571 ||| READING 2 scrolls of identify.
As you read the scroll of identify, it crumbles to dust.
d - a potion of might;
3571 ||| IDENTIFYING sapphire potion You're in a travel-excluded area, stopping explore.
(D) Dungeon
Where to? (* - list waypoints, Enter - D:3, ? - help)
What level of the Dungeon? (default 1, ? - help) You're in a travel-excluded area, stopping travel.
You're in a travel-excluded area, stopping explore.
3572 ||| Stepping randomly (stuck).
You are engulfed in blazing flames.
Ouch! That really hurt!
You're standing in a cloud of flame!
You are engulfed in blazing flames.
Ouch! That really hurt!
You die...

#)# #.............##
#.######.............#
#.##......#####...####
#.##.###..# #00¤# #.##.#
#..# #.¤.# #.##.# #..# #0¤¤#
#.##.# #.######...# #.##.#
#.#[¤¤¤...). #....#
#...@00...$.¤ ####.#
###.¤00....$ #.# ######...#
#.# #.¤¤# #########.# #¤0¤#
..........# #.00#
#########.##########...#####
#..................#
####################


There were no monsters in sight!

Vanquished Creatures
  4 adders
  A dart slug (D:2)
  5 ball pythons
  A bat (D:2)
  An endoplasm (D:2)
  A giant cockroach (D:3)
  A goblin (D:1)
  A quokka (D:2)
  A frilled lizard (D:3)
  A kobold (D:3)
  A rat (D:3)
18 creatures vanquished.

Vanquished Creatures (collateral kills)
  3 endoplasms
  2 goblins
  A hobgoblin (D:2)
  A ball python (D:2)
  2 bats
  A rat (D:1)
  A spectral goblin (D:1)
11 creatures vanquished.

Grand Total: 29 creatures vanquished

Notes
Turn   | Place    | Note
-------+----------+-------------------------------------------
     0 | D:1      | qw the Ghoul Summoner began the quest for the Orb.
     0 | D:1      | Reached XP level 1. HP: 14/14 MP: 2/2
     0 | D:1      | 0 ||| qw: Version: 0.1-a-113-g051387a
     0 | D:1      | 0 ||| qw: Game counter: 7303
     0 | D:1      | 0 ||| qw: Always use a shield: true
     0 | D:1      | 0 ||| qw: God list: Okawaru
     0 | D:1      | 0 ||| qw: Allow faded altars: false
     0 | D:1      | 0 ||| qw: Do Orc after D:15 true
     0 | D:1      | 0 ||| qw: Do second Lair branch before Depths: true
     0 | D:1      | 0 ||| qw: Lair rune preference: random
     0 | D:1      | 0 ||| qw: Plans: Normal
     0 | D:1      | 0 ||| PLANNING D:1-11
    85 | D:1      | 85 ||| CASTING Summon Small Mammal
    86 | D:1      | 86 ||| CASTING Summon Small Mammal
   146 | D:1      | 146 ||| CASTING Summon Small Mammal
   147 | D:1      | 147 ||| CASTING Summon Small Mammal
   173 | D:1      | 173 ||| Wielding weapon +0 dagger.
   218 | D:1      | 218 ||| CASTING Summon Small Mammal
   219 | D:1      | 219 ||| CASTING Summon Small Mammal
   224 | D:1      | Reached skill level 1 in Axes
   265 | D:1      | 265 ||| CASTING Summon Small Mammal
   266 | D:1      | 266 ||| CASTING Summon Small Mammal
   393 | D:1      | 393 ||| CASTING Summon Small Mammal
   394 | D:1      | 394 ||| CASTING Summon Small Mammal
   406 | D:1      | 406 ||| CASTING Summon Small Mammal
   408 | D:1      | Reached XP level 2. HP: 7/22 MP: 0/3
   611 | D:1      | 611 ||| SWAPPING to +0 club.
   612 | D:1      | 612 ||| DROPPING +0 dagger.
   676 | D:1      | 676 ||| CASTING Summon Small Mammal
   677 | D:1      | 677 ||| CASTING Summon Small Mammal
   678 | D:1      | 678 ||| CASTING Summon Small Mammal
   688 | D:1      | Reached skill level 1 in Fighting
   736 | D:1      | 736 ||| SWAPPING to +0 spear.
   737 | D:1      | 737 ||| DROPPING +0 club.
   853 | D:1      | 853 ||| CASTING Summon Small Mammal
   854 | D:1      | 854 ||| CASTING Summon Small Mammal
   855 | D:1      | 855 ||| CASTING Summon Small Mammal
   911 | D:1      | Found Aguzax's General Store.
   916 | D:1      | 916 ||| SHOPLISTING +0 chain mail (58 gold, have 16).
   916 | D:1      | 916 ||| SHOPLISTING +2 long sword of flaming (237 gold,
                  | have 16).
   916 | D:1      | 916 ||| SHOPLISTING scroll of identify (26 gold, have 16).
   917 | D:1      | 917 ||| CASTING Summon Small Mammal
   918 | D:1      | 918 ||| CASTING Summon Small Mammal
  1156 | D:1      | 1156 ||| CASTING Summon Small Mammal
  1157 | D:1      | 1157 ||| CASTING Summon Small Mammal
  1158 | D:1      | 1158 ||| CASTING Summon Small Mammal
  1235 | D:1      | Found a faded altar of an unknown god.
  1236 | D:1      | 1236 ||| CASTING Summon Small Mammal
  1237 | D:1      | 1237 ||| Stepping ~*~*~tactically~*~*~ (water).
  1238 | D:1      | 1238 ||| CASTING Summon Small Mammal
  1239 | D:1      | 1239 ||| CASTING Summon Small Mammal
  1327 | D:1      | 1327 ||| UPGRADING to +0 leather armour.
  1337 | D:1      | 1337 ||| DROPPING +0 robe.
  1338 | D:1      | 1338 ||| UPGRADING to +0 ring mail.
  1348 | D:1      | 1348 ||| DROPPING +0 leather armour.
  1349 | D:1      | 1349 ||| UPGRADING to ring of see invisible.
  1350 | D:1      | 1350 ||| READING 2 scrolls labelled HIELURPH POTTUPASIR.
  1351 | D:1      | 1351 ||| READING scroll labelled RAUDWU KASH.
  1352 | D:1      | 1352 ||| READING scroll labelled KODICWU CURHOTS.
  1353 | D:1      | 1353 ||| DROPPING potion of magic.
  1414 | D:2      | 1414 ||| CASTING Summon Small Mammal
  1415 | D:2      | 1415 ||| STAIRDANCE
  1428 | D:2      | 1428 ||| CASTING Summon Small Mammal
  1429 | D:2      | 1429 ||| CASTING Summon Small Mammal
  1430 | D:2      | 1430 ||| CASTING Summon Small Mammal
  1432 | D:2      | 1432 ||| STAIRDANCE
  1478 | D:2      | 1478 ||| CASTING Summon Small Mammal
  1479 | D:2      | 1479 ||| CASTING Summon Small Mammal
  1480 | D:2      | 1480 ||| CASTING Summon Small Mammal
  1614 | D:2      | 1614 ||| CASTING Summon Small Mammal
  1615 | D:2      | 1615 ||| CASTING Summon Small Mammal
  1616 | D:2      | 1616 ||| CASTING Summon Small Mammal
  1798 | D:2      | 1798 ||| CASTING Summon Small Mammal
  1799 | D:2      | 1799 ||| CASTING Summon Small Mammal
  1800 | D:2      | 1800 ||| CASTING Summon Small Mammal
  1809 | D:2      | 1809 ||| CASTING Summon Small Mammal
  1902 | D:2      | 1902 ||| SWAPPING to +0 war axe.
  1903 | D:2      | 1903 ||| DROPPING +0 spear.
  1906 | D:2      | 1906 ||| CASTING Summon Small Mammal
  1908 | D:2      | 1908 ||| CASTING Summon Small Mammal
  1909 | D:2      | 1909 ||| CASTING Summon Small Mammal
  1947 | D:2      | 1947 ||| CASTING Summon Small Mammal
  1948 | D:2      | 1948 ||| CASTING Summon Small Mammal
  1949 | D:2      | 1949 ||| CASTING Summon Small Mammal
  2022 | D:2      | 2022 ||| CASTING Summon Small Mammal
  2023 | D:2      | 2023 ||| CASTING Summon Small Mammal
  2024 | D:2      | 2024 ||| CASTING Summon Small Mammal
  2030 | D:2      | Reached XP level 3. HP: 28/28 MP: 0/4
  2182 | D:2      | 2182 ||| Stepping ~*~*~tactically~*~*~ (hiding).
  2185 | D:2      | 2185 ||| Stepping ~*~*~tactically~*~*~ (stealth).
  2187 | D:2      | 2187 ||| CASTING Summon Small Mammal
  2188 | D:2      | 2188 ||| CASTING Summon Small Mammal
  2189 | D:2      | 2189 ||| CASTING Summon Small Mammal
  2271 | D:2      | 2271 ||| CASTING Summon Small Mammal
  2272 | D:2      | 2272 ||| CASTING Summon Small Mammal
  2273 | D:2      | 2273 ||| CASTING Summon Small Mammal
  2274 | D:2      | 2274 ||| CASTING Summon Small Mammal
  2340 | D:2      | 2340 ||| CASTING Summon Small Mammal
  2341 | D:2      | 2341 ||| CASTING Summon Small Mammal
  2342 | D:2      | 2342 ||| CASTING Summon Small Mammal
  2343 | D:2      | 2343 ||| CASTING Summon Small Mammal
  2632 | D:2      | 2632 ||| UPGRADING to +0 pair of boots.
  2637 | D:2      | 2637 ||| UPGRADING to +0 pair of gloves.
  2642 | D:2      | 2642 ||| UPGRADING to +6 ring of dexterity.
  2643 | D:2      | 2643 ||| READING scroll labelled FOTOABB DOTEAQI.
  2644 | D:2      | 2644 ||| READING scroll labelled COYGHE VAPHOO.
  2645 | D:2      | 2645 ||| DRINKING 2 orange potions.
  2646 | D:2      | 2646 ||| READING 2 scrolls of identify.
  2646 | D:2      | 2646 ||| IDENTIFYING bubbling sapphire potion
  2647 | D:2      | 2647 ||| DROPPING potion of invisibility.
  2660 | D:3      | 2660 ||| CASTING Summon Small Mammal
  2661 | D:3      | 2661 ||| STAIRDANCE
  2678 | D:3      | 2678 ||| CASTING Summon Small Mammal
  2679 | D:3      | 2679 ||| STAIRDANCE
  2745 | D:3      | 2745 ||| CASTING Summon Small Mammal
  2746 | D:3      | 2746 ||| CASTING Summon Small Mammal
  2747 | D:3      | 2747 ||| CASTING Summon Small Mammal
  2748 | D:3      | 2748 ||| CASTING Summon Small Mammal
  2989 | D:3      | 2989 ||| Stepping ~*~*~tactically~*~*~ (stealth).
  2993 | D:3      | 2993 ||| Stepping ~*~*~tactically~*~*~ (stealth).
  2997 | D:3      | 2997 ||| CASTING Summon Small Mammal
  2998 | D:3      | 2998 ||| CASTING Summon Small Mammal
  2999 | D:3      | 2999 ||| CASTING Summon Small Mammal
  3061 | D:3      | Found a bloodstained altar of Trog.
  3072 | D:3      | 3072 ||| CASTING Summon Small Mammal
  3073 | D:3      | 3073 ||| CASTING Summon Small Mammal
  3074 | D:3      | 3074 ||| CASTING Summon Small Mammal
  3075 | D:3      | 3075 ||| CASTING Summon Small Mammal
  3214 | D:3      | 3214 ||| CASTING Summon Small Mammal
  3227 | D:3      | Reached XP level 4. HP: 33/36 MP: 5/5
  3252 | D:3      | Identified the +1 chain mail "Quzi" {rC++ Str-3 Int+4}
  3560 | D:3      | 3560 ||| UPGRADING to +1 chain mail "Quzi" {rC++ Str-3
                  | Int+4}.
  3570 | D:3      | 3570 ||| DROPPING +0 ring mail.
  3571 | D:3      | 3571 ||| READING 2 scrolls of identify.
  3571 | D:3      | 3571 ||| IDENTIFYING sapphire potion
  3572 | D:3      | 3572 ||| Stepping randomly (stuck).
  3573 | D:3      | Engulfed by a cloud of flame

Levels and vault maps discovered:
D:1:      sevenhm_arrival_forest_fort_small_5, layout_basic, serial_shops, shop,
          dreamdust_ecumenical_altar_drowned_temple
D:2:      layout_basic
D:3:      layout_loops_ring, mainiacjoe_overflow_cross_hatched,
          lemuel_flame_loot_1

Skill      XL: |  1  2  3 |
---------------+----------+-----
Axes           | 1 2 |  2.6
Fighting       | 1 2 |  2.1
Dodging        | |  1.7
Stealth        | |  2.1
Spellcasting   | |  1.7
Summonings     | |  3.6

Action                   |  1- 3 |  4- 6 || total
-------------------------+-------+-------++-------
Melee: Dagger            |    12 |       ||    12
       Unarmed           |     5 |       ||     5
       Spear             |    22 |       ||    22
       War axe           |    52 |       ||    52
 Cast: Summon Small Mamm |    66 |       ||    66
  Use: Scroll            |     6 |     1 ||     7
       Potion            |     1 |       ||     1
Armor: Robe              |     5 |       ||     5
       Ring mail         |    40 |       ||    40
Dodge: Dodged            |    57 |       ||    57

Table legend:
 A = Non-vault XP
 B = Vault XP
 C = Vault XP percentage of total XP
 D = Non-vault monster count
 E = Vault monster count
 F = Vault count percentage of total count
                 A         B        C        D         E       F
            +---------+---------+-------+---------+---------+-------
      Total |      93 |       1 |   1.1 |      28 |       1 |   3.4
            +---------+---------+-------+---------+---------+-------
        D:1 |      15 |       1 |   6.2 |       9 |       1 |  10.0
        D:2 |      34 |       0 |   0.0 |      12 |       0 |   0.0
        D:3 |      44 |       0 |   0.0 |       7 |       0 |   0.0
            +---------+---------+-------+---------+---------+-------
